 Dungeon Crawl Stone Soup version 0.30-a0-779-g7971cf19c3 (webtiles) character file.

Game seed: 5019564119769667370

72 Newt the Shooter (level 4, -9/33 HPs)
             Began as a Kobold Hunter on Feb 17, 2023.
             Killed by nerve-wracking pain
             ... invoked by Grinder
              (12 damage)
             ... on level 3 of the Dungeon.
             The game lasted 00:01:27 (1857 turns).

Newt the Shooter (Kobold Hunter)                    Turns: 1857, Time: 00:01:28

Health: -9/33      AC:  4    Str:  6    XL:     4   Next: 48%
Magic:  4/4        EV: 14    Int: 10    God:
Gold:   144        SH:  0    Dex: 20    Spells: 3/3 levels left

rFire   . . .      SeeInvis .    a - +0 shortbow
rCold   . . .      Faith    +    (shield currently unavailable)
rNeg    . . .      Spirit   .    c - +1 leather armour
rPois   .          Reflect  .    (no helmet)
rElec   .          Harm     .    (no cloak)
rCorr   .          Rampage  .    (no gloves)
Will    .....                    (no boots)
Stlth   +++                      f - amulet of faith
HPRegen 0.25/turn                (no ring)
MPRegen 0.09/turn                (no ring)

@: hasted, very quick
A: small, no large weapons, nightstalker 3, deterioration 1, robust 1, weak 1,
MP-powered wands
a: no special abilities


You were on level 3 of the Dungeon.
You visited 1 branch of the dungeon, and saw 3 of its levels.

You collected 144 gold pieces.

Inventory:

Hand Weapons
 a - a +0 shortbow (weapon)
Armour
 c - a +1 leather armour (worn)
Jewellery
 f - an amulet of faith (around neck)
Scrolls
 b - a scroll of immolation
Potions
 h - a potion of cancellation
 j - a potion of heal wounds {unknown}
 k - a potion of lignification {unknown}
 l - 2 potions of brilliance {unknown}


   Skills:
 + Level 4.8 Fighting
 - Level 5.3 Ranged Weapons
 - Level 2.4 Dodging
 - Level 1.3 Stealth


You had 3 spell levels left.
You didn't know any spells.
Your spell library was empty.

Dungeon Overview and Level Annotations

Branches:
Dungeon (3/15)

Altars:

Annotations:
D:3 Grinder


Innate Abilities, Weirdness & Mutations

You are small and have problems with some larger weapons.
You are completely attuned to the shadows.
Your body sometimes deteriorates upon taking damage.
You are robust. (+10% HP)
You are weak. (Str -2)
You expend magic power (3 MP) to strengthen your wands.


Message History

Fire: a) +0 shortbow
Press: ? - help, Shift-Dir - straight line, f/p - Grinder
Aim: Grinder, carrying a wand of digging (5) (heavily wounded, 63% to hit)
You shoot an arrow. The arrow hits Grinder!
Grinder is severely wounded.
Fire: a) +0 shortbow
Press: ? - help, Shift-Dir - straight line, f/p - Grinder
Aim: Grinder, carrying a wand of digging (5) (severely wounded, 63% to hit)
You shoot an arrow. The arrow closely misses Grinder.
The arrow closely misses the scorpion.
Grinder gestures at you. Pain shoots through your body!
Fire: a) +0 shortbow
Press: ? - help, Shift-Dir - straight line, f/p - Grinder
Aim: Grinder, carrying a wand of digging (5) (severely wounded, 63% to hit)
You shoot an arrow. The arrow hits Grinder.
Grinder is severely wounded.
Grinder gestures at you. Pain shoots through your body!
* * * LOW HITPOINT WARNING * * *
Fire: a) +0 shortbow
Press: ? - help, Shift-Dir - straight line, f/p - Grinder
Aim: Grinder, carrying a wand of digging (5) (severely wounded, 63% to hit)
You shoot an arrow. The arrow closely misses Grinder.
The arrow hits the scorpion.
The scorpion is almost dead.
Grinder says, "I used to sell toenails on the black market."
Grinder gestures at you. Pain shoots through your body!
* * * LOW HITPOINT WARNING * * *
You feel better. Grinder gestures at you. Pain shoots through your body!
* * * LOW HITPOINT WARNING * * *
It was a potion of mutation.
You feel extremely strange.
You feel weaker.
You feel robust.
You feel yourself wasting away.
You feel your magical essence link to the dungeon's wands.
Grinder gestures at you. Pain shoots through your body!
You die...

#.. #.# #s#
#5# #@#
#######.####
....<.......
#######.###.
#.# #.# #.#


You could see Grinder and a scorpion.

Vanquished Creatures
  2 adders (D:2)
  2 dart slugs
  3 ball pythons
  3 endoplasms
  4 giant cockroaches
  4 goblins
  7 hobgoblins
  4 quokkas
  3 bats
  3 frilled lizards
  2 kobolds
  12 rats
49 creatures vanquished.

Vanquished Creatures (others)
  A plant (D:1)
1 creature vanquished.

Grand Total: 50 creatures vanquished

Notes
Turn   | Place    | Note
-------+----------+-------------------------------------------
     0 | D:1      | Newt the Kobold Hunter began the quest for the Orb.
     0 | D:1      | Reached XP level 1. HP: 12/12 MP: 1/1
   126 | D:1      | Reached XP level 2. HP: 18/18 MP: 2/2
   562 | D:1      | Reached XP level 3. HP: 23/23 MP: 3/3
  1168 | D:2      | Found a faded altar of an unknown god.
  1242 | D:2      | Reached XP level 4. HP: 30/30 MP: 4/4
  1833 | D:3      | Noticed Grinder
  1833 | D:3      | Paralysed by Grinder for 4 turns
  1838 | D:3      | Noticed a scorpion
  1843 | D:3      | Paralysed by Grinder for 4 turns
  1857 | D:3      | Gained mutation: You are weak. (Str -2) [potion of
                  | mutation]
  1857 | D:3      | Gained mutation: You are robust. (+10% HP) [potion of
                  | mutation]
  1857 | D:3      | Gained mutation: Your body sometimes deteriorates upon
                  | taking damage. [potion of mutation]
  1857 | D:3      | Gained mutation: You expend magic power (3 MP) to
                  | strengthen your wands. [potion of mutation]
  1857 | D:3      | Killed from afar by Grinder

Illustrated notes

Levels and vault maps discovered:
D:1:      dpeg_arrival_snail, layout_loops_ring, serial_bayou_lake_a
D:2:      layout_loops_ring, basic_ecumenical_altar, bh_walls_and_bars
D:3:      layout_loops_ring, vehumet_crystals, gammafunk_ghost_gnarly_gnolls,
          uniq_ijyb, uniq_jessica, uniq_grinder, uniq_natasha

Skill      XL: |  1  2  3 |
---------------+----------+-----
Fighting       | 3 4 |  4.8
Ranged Weapons | |  5.3
Dodging        | |  2.4
Stealth        | |  1.3

Action                     |  1- 3 |  4- 6 || total
---------------------------+-------+-------++-------
   Fire: Shortbow          |    90 |    36 ||   126
    Use: Scroll            |     3 |     1 ||     4
         Potion            |       |     4 ||     4
 Armour: Leather armour    |     7 |     6 ||    13
  Dodge: Dodged            |    39 |     4 ||    43

Table legend: (Time is in decaauts)
 A = Elapsed time spent in this place.
 B = Non-inter-level travel time spent in this place.
 C = Inter-level travel time spent in this place.
 D = Time resting spent in this place.
 E = Time spent auto-exploring this place.
 F = Levels seen in this place.
 G = Mean time per level.
                   A        B        C        D        E       F      G
               +--------+--------+--------+--------+--------+-----+--------+
         Total |   1915 |   1796 |    119 |      0 |   1558 |   3 |  638.3 |
       Dungeon |   1915 |   1796 |    119 |      0 |   1558 |   3 |  638.3 |
               +--------+--------+--------+--------+--------+-----+--------+

Top non-repeatable levels by time:
     D:2: 948 daAuts
     D:1: 940 daAuts
     D:3: 27 daAuts
